 Dungeon Crawl Stone Soup version 0.19-a0-1489-ga782747 (webtiles) character file.

35 TheGoonsmith the Slasher (level 3, -5/18 HPs)
             Began as a Vine Stalker Gladiator on Sept 7, 2016.
             Splashed by a jelly's acid (7 damage)
             ... on level 1 of the Dungeon.
             The game lasted 00:01:11 (652 turns).

TheGoonsmith the Slasher (Vine Stalker Gladiator)    Turns: 652, Time: 00:01:13

Health: -5/18      AC:  5    Str: 22    XL:     3   Next: 33%
Magic:  0/4        EV: 12    Int:  8    God:
Gold:   88         SH:  0    Dex: 15    Spells: 0 memorised, 2 levels left

rFire  . . .     SeeInvis .     a - +0 long sword
rCold  . . .     Gourm    .     b - +0 leather armour
rNeg   . . .     Faith    .     (no shield)
rPois  .         Spirit   +     c - +0 helmet
rElec  .         Dismiss  .     (no cloak)
rCorr  .         Reflect  .     (no gloves)
MR     .....     Harm     .     h - +0 pair of boots
Stlth  +.........               (no amulet)
                                (no ring)
                                (no ring)

@: mighty
A: fangs 2, magic shield, antimagic bite, no device heal 3, rot immunity
a: no special abilities


You were on level 1 of the Dungeon.
You were not hungry.

You visited 1 branch of the dungeon, and saw 1 of its levels.

You collected 88 gold pieces.

Inventory:

Hand Weapons
 a - a +0 long sword (weapon)
Missiles
 d - 3 throwing nets (quivered)
Armour
 b - a +0 leather armour (worn)
 c - a +0 helmet (worn)
 h - a +0 pair of boots (worn)
Scrolls
 k - a scroll of immolation {unknown}
 l - a scroll of enchant weapon {unknown}
Potions
 g - a potion of cancellation
 i - 2 potions of curing {unknown}
Comestibles
 f - a bread ration
 j - 3 meat rations


   Skills:
 - Level 1.7 Fighting
 + Level 3.9 Long Blades
 - Level 1.7 Throwing
 - Level 2.4 Dodging


You had 2 spell levels left.
You didn't know any spells.

Dungeon Overview and Level Annotations

Branches:
Dungeon (1/15)

Altars:


Innate Abilities, Weirdness & Mutations

You have extremely sharp teeth.
When hurt, damage is shared between your health and your magic reserves.
Your bite disrupts and absorbs the magic of your enemies.
Potions and wands cannot restore your health.
You are immune to rotting.


Message History

You kill the ooze!
You hit the jackal.
The jackal is heavily wounded.
The jackal bites you but does no damage.
The jackal closely misses you.
You hit the jackal.
You kill the jackal!
The jelly hits you.
You are splashed with acid!
The acid burns!
* * * LOW HITPOINT WARNING * * *
You are too injured to fight recklessly!
You are too injured to fight recklessly!
It was a potion of cancellation.
You feel magically purged. The jelly hits you but does no damage.
It was a potion of might.
You feel very mighty all of a sudden.
The giant cockroach waves its antennae.
The jelly hits you.
* * * LOW HITPOINT WARNING * * *
You are splashed with acid!
The acid burns!
You die... ......# #.# ......JJ....#..# ......# #.# rssr..r.

#..#
......########.#######h#######..#
...............#.....r.......#..#
...............+⌠....###....⌠+..#
.......#####...#......<......#..#
.......# #...#..⌠sr.>...⌠..#..#
.......# #...###h#######'###..#
....)..# #....@Jr.............#
######.# #....####............#
######'## #.##..# #.###########.
........# #.###.###.# #.
........# #.# #..##.# ###.
........# #.# ##.##.#########...
........# #.####.##........##.##
......÷.# #......()........'..#
........#########..#........####


You could see a jelly, a jackal, a giant cockroach and 2 rats.

Vanquished Creatures
  An ooze (D:1)
  A bat (D:1)
  5 giant cockroaches (D:1)
  4 goblins (D:1)
  3 hobgoblins (D:1)
  6 jackals (D:1)
  A giant newt (D:1)
  3 kobolds (D:1)
  2 rats (D:1)
26 creatures vanquished.

Notes
Turn   | Place    | Note
-------+----------+-------------------------------------------
     0 | D:1      | TheGoonsmith the Vine Stalker Gladiator began the quest for the Orb.
     0 | D:1      | Reached XP level 1. HP: 11/11 MP: 2/2
     1 | D:1      | Found a runed door.
    74 | D:1      | Reached skill level 3 in Long Blades
   119 | D:1      | Reached XP level 2. HP: 15/15 MP: 3/3
   376 | D:1      | Reached XP level 3. HP: 18/18 MP: 2/4
   652 | D:1      | Splashed by a jelly's acid

Vault maps used:
D:1:      dpeg_arrival_caged_fury

Skill      XL: |  1 |
---------------+----+-----
Long Blades    | 3 |  3.9
Fighting       | |  1.7
Throwing       | |  1.7
Dodging        | |  2.4

Action                   || total
-------------------------++-------
Melee: Long sword        ||    61
       Bite              ||    11
  Use: Potion            ||     2
 Stab: Distracted        ||     1
Armor: Leather armour    ||    21
Dodge: Dodged            ||    32
